 Dungeon Crawl Stone Soup version 0.22-a0-571-g4a923d4 (webtiles) character file.

47 kae the Chiller (level 3, 0/24 HPs)
             Began as a Merfolk Ice Elementalist on July 1, 2018.
             Slain by a leopard gecko (3 damage)
             ... on level 2 of the Dungeon.
             The game lasted 00:01:29 (1313 turns).

kae the Chiller (Merfolk Ice Elementalist)          Turns: 1313, Time: 00:01:30

Health: 0/24       AC:  2    Str:  9    XL:     3   Next: 70%
Magic:  0/6        EV: 13    Int: 14    God:
Gold:   55         SH:  0    Dex: 14    Spells: 4/7 levels left

rFire    . . .     SeeInvis .   (no weapon)
rCold    . . .     Gourm    .   (no shield)
rNeg     . . .     Faith    .   a - +0 robe
rPois    .         Spirit   .   (no helmet)
rElec    .         Reflect  .   (no cloak)
rCorr    .         Harm     .   (no gloves)
MR       .....                  (no boots)
Stlth    ++........             (no amulet)
HPRegen  0.08/turn              (no ring)
MPRegen  0.10/turn              (no ring)

@: no status effects
A: change form in water, swift swim, stealthy swim
a: no special abilities


You were on level 2 of the Dungeon.
You were very hungry.

You visited 1 branch of the dungeon, and saw 2 of its levels.

You collected 55 gold pieces.

Inventory:

Armour
 a - a +0 robe (worn)
Scrolls
 e - a scroll of teleportation
Potions
 f - a potion of ambrosia
 j - a potion of haste
Comestibles
 c - 4 rations


   Skills:
 - Level 2.6 Dodging
 - Level 2.1 Stealth
 + Level 2.6 Spellcasting
 - Level 0.7 Conjurations
 * Level 4.5 Ice Magic


You had 4 spell levels left.
You knew the following spells:

 Your Spells              Type           Power        Failure   Level  Hunger
a - Freeze                Ice            ##..         3%          1    #......
b - Throw Frost           Conj/Ice       #.....       12%         2    ###....

Your spell library contained the following spells:

 Spells                   Type           Power        Failure   Level  Hunger
 Summon Ice Beast         Ice/Summ       #.......     65%         4    #####..
 Ozocubu's Armour         Chrm/Ice       #.......     26%         3    ###....
 Throw Icicle             Conj/Ice       #.......     58%         4    #####..


Dungeon Overview and Level Annotations

Branches:
Dungeon (2/15)

Altars:


Message History

The leopard gecko misses you.
Casting: Freeze (safe; 3% risk of failure)
Confirm with . or Enter, or press ? or * to list all spells.
You don't have enough magic to cast that spell.
You closely miss the leopard gecko.
The leopard gecko is moderately wounded.
The leopard gecko bites you.
* * * LOW HITPOINT WARNING * * *
Casting: Freeze (safe; 3% risk of failure)
Confirm with . or Enter, or press ? or * to list all spells.
You don't have enough magic to cast that spell.
Casting: Freeze (safe; 3% risk of failure)
Confirm with . or Enter, or press ? or * to list all spells.
You don't have enough magic to cast that spell.
You hit the leopard gecko but do no damage.
The leopard gecko is moderately wounded.
The leopard gecko bites you.
* * * LOW HITPOINT WARNING * * *
The leopard gecko bites you.
You die...

#.# #g# #.# ##.#
###..####
#.)#....#
#l###.#g#
#).#.##l#
[..#####†...##@#
.l.g.K)........+
##.###......####
#.###..## #.#
##...## #.
#.....# #
##...## #..##
..###


You could see a leopard gecko and a hobgoblin.

Vanquished Creatures
  An ooze (D:1)
  2 leopard geckos
  2 giant cockroaches
  2 goblins (D:1)
  9 hobgoblins
  4 jackals (D:1)
  4 kobolds
  4 bats (D:1)
  3 frilled lizards (D:1)
  6 rats (D:1)
37 creatures vanquished.

Notes
Turn   | Place    | Note
-------+----------+-------------------------------------------
     0 | D:1      | kae the Merfolk Ice Elementalist began the quest for the Orb.
     0 | D:1      | Reached XP level 1. HP: 13/13 MP: 3/3
   113 | D:1      | Reached XP level 2. HP: 16/19 MP: 0/5
   153 | D:1      | Learned a level 2 spell: Throw Frost
   451 | D:1      | Reached skill level 4 in Ice Magic
   611 | D:1      | Reached XP level 3. HP: 22/24 MP: 0/6
  1313 | D:2      | Slain by a leopard gecko

Vault maps used:
D:1:      minmay_arrival_stair_chambers, minmay_unequal
D:2:      cheibriados_altar_1

Skill      XL: |  1  2 |
---------------+-------+-----
Ice Magic      | 4 |  4.5
Dodging        | |  2.6
Stealth        | |  2.1
Spellcasting   | |  2.6
Conjurations   | |  0.7

Action                   || total
-------------------------++-------
Melee: Unarmed           ||    50
 Cast: Freeze            ||    56
  Use: Scroll            ||     6
 Stab: Sleeping          ||     1
  Eat: Chunk             ||     1
Armor: Robe              ||    20
Dodge: Dodged            ||    65

Table legend:
 A = Spawn XP
 B = Non-spawn XP
 C = Spawn XP percentage of total XP
 D = Spawn monster count
 E = Non-spawn monster count
 F = Spawn count percentage of total count
 G = Total turns spent on level
                    A         B        C        D         E        F      G
               +---------+---------+-------+---------+---------+-------+---------
         Total |       0 |      68 |   0.0 |       0 |      37 |   0.0 |  1313
               +---------+---------+-------+---------+---------+-------+---------
           D:1 |       0 |      57 |   0.0 |       0 |      32 |   0.0 |  1254
           D:2 |       0 |      11 |   0.0 |       0 |       5 |   0.0 |    59
               +---------+---------+-------+---------+---------+-------+---------
